 Dungeon Crawl Stone Soup version 0.25-a0-696-g42a9e46d90 (webtiles) character file.

Game seed: 16309825630510442930, levelgen mode: deterministic

13532 DasRunzen the Destroyer (level 11, -6/95 HPs)
             Began as a Demigod Conjurer on Mar 31, 2020.
             Mangled by a komodo dragon (23 damage)
             ... on level 2 of the Lair of Beasts.
             The game lasted 00:50:19 (15618 turns).

DasRunzen the Destroyer (Demigod Conjurer)         Turns: 15618, Time: 00:50:19

Health: -6/95      AC:  8    Str: 17    XL:     11   Next: 48%
Magic:  7/27       EV: 18    Int: 22    God:
Gold:   667        SH:  4    Dex: 16    Spells: 16/26 levels left

rFire    + . .     SeeInvis .   m - +1 dagger (speed)
rCold    . . .     Gourm    .   (no shield)
rNeg     . . .     Faith    .   F - +0 robe of Wu Jian's Reproof {MR- Int+3 Slay+3} (curse)
rPois    .         Spirit   .   l - +0 helmet
rElec    .         Reflect  +   J - scarf {cloud immunity}
rCorr    .         Harm     .   E - +2 pair of gloves
MR       .....                  v - +1 pair of boots
Stlth    ++........             x - +4 amulet of reflection
HPRegen  0.25/turn              r - ring of wizardry
MPRegen  0.20/turn              i - ring of protection from fire

@: no status effects
A: high mp 1
a: no special abilities


You were on level 2 of the Lair of Beasts.
You were near starving.

You visited 3 branches of the dungeon, and saw 14 of its levels.
You also visited: Bailey.

You collected 667 gold pieces.

Inventory:

Hand Weapons
 m - a +1 dagger of speed (weapon)
Armour
 l - a +0 helmet (worn)
 u - the cursed +1 chain mail of Hysteria {+Fly rC+, unknown}
   (You found it on level 7 of the Dungeon)

   It protects you from cold.
   It lets you fly.
   It has a curse placed upon it.
 v - a +1 pair of boots (worn)
 D - a +0 cloak
 E - a +2 pair of gloves (worn)
 F - the cursed +0 robe of Wu Jian's Reproof (worn) {MR- Int+3 Slay+3}
   (You found it on level 11 of the Dungeon)

   It affects your intelligence (+3).
   It affects your accuracy and damage with ranged weapons and melee attacks
   (+3).
   It affects your resistance to hostile enchantments.
   It has a curse placed upon it.
 J - a scarf of cloud immunity (worn)
Magical Staves
 C - an uncursed staff of cold
Jewellery
 i - a ring of protection from fire (right hand)
 r - a ring of wizardry (left hand)
 s - an uncursed ring of ice {unknown}
 x - a +4 amulet of reflection (around neck)
 A - an uncursed ring of wizardry
 B - an uncursed ring of wizardry
 G - an uncursed ring of ice {unknown}
Wands
 a - a wand of polymorph (10)
 h - a wand of enslavement (26)
Scrolls
 b - 5 scrolls of remove curse
 f - 5 scrolls of magic mapping
 j - a scroll of fear
 y - 3 scrolls of teleportation
 H - a scroll of immolation {unknown}
Potions
 d - 3 potions of curing
 e - 3 potions of flight
 g - 2 potions of heal wounds
 k - a potion of haste
 n - 4 potions of lignification
 o - 2 potions of might
 p - a potion of invisibility
 q - a potion of brilliance
 t - a potion of berserk rage
 w - a potion of cancellation
 z - 2 potions of stabbing
 I - a potion of resistance
Comestibles
 c - 32 rations


   Skills:
 + Level 8.8 Fighting
 + Level 9.0 Dodging
 - Level 1.7 Stealth
 + Level 8.3 Spellcasting
 + Level 9.6 Conjurations


You had 16 spell levels left.
You knew the following spells:

 Your Spells              Type           Power        Failure   Level  Hunger
a - Magic Dart            Conj           ####         1%          1    None
b - Searing Ray           Conj           ######       1%          2    None
c - Dazzling Flash        Conj/Hex       ####..       1%          3    None
d - Iskenderun's Mystic   Conj/Tloc      ####....     4%          4    ###....

Your spell library contained the following spells:

 Spells                   Type           Power        Failure   Level  Hunger
 Summon Small Mammal      Summ           #...         3%          1    None
 Call Imp                 Summ           #.......     4%          2    None
 Fulminant Prism          Conj/Hex       ####......   4%          4    ###....
 Call Canine Familiar     Summ           #.......     9%          3    None
 Summon Guardian Golem    Hex/Summ       #.......     9%          3    None
 Summon Ice Beast         Ice/Summ       #.......     28%         4    ###....
 Summon Lightning Spire   Summ/Air       #.......     28%         4    ###....


Dungeon Overview and Level Annotations

Branches:
Dungeon (11/15)            Temple (1/1) D:7            Lair (2/6) D:10
 Bailey (visited)
  Swamp: Lair:2-4    Shoals: Lair:2-4     Snake: Lair:2-4    Spider: Lair:2-4
    Orc: D:9-12

Shops:
D:10 =


Innate Abilities, Weirdness & Mutations

You have an increased reservoir of magic. (+10% MP)


Message History

Casting: Dazzling Flash (safe; 1% risk of failure)
Confirm with . or Enter, or press ? or * to list all spells.
Aiming: Searing Ray (safe; 1% risk of failure)
Press: ? - help, Shift-Dir - straight line, f - komodo dragon
Aim: a komodo dragon The searing ray hits the komodo dragon!
The komodo dragon is lightly wounded. (Press . to maintain the ray.)
The komodo dragon misses you.
The searing ray hits the komodo dragon!
The komodo dragon is heavily wounded.
The komodo dragon bites you!
The searing ray hits the komodo dragon!
The komodo dragon is severely wounded.
The komodo dragon bites you!!
* * * LOW HITPOINT WARNING * * *
The searing ray hits the komodo dragon.
The komodo dragon is almost dead.
You finish channeling your searing ray.
The komodo dragon bites you!!
You die...

............#####.P#
##.. #....8....##
#..# ##. #.......##
.## #.. #.8...8.##
#.. ##........# #P.
##....8.F..### ##.
#........F...### #.
.....#####l.....# #.
. #?... #.@.#......
#. ##. .8
#..####.... #. #...
#...# ###. #. #..#
##..## #. .=..
#...## #. #.
..######...P# #..
#...#?#.#.....## ##.
#..............# #.
#....###.#.#...# #.


You could see a komodo dragon and a spiny frog.

Vanquished Creatures
  2 two-headed ogres
  3 ugly things (D:11)
  A spiny frog (Lair:2)
  3 komodo dragons (Lair:1)
  A troll (D:10)
  A hornet (D:10)
  Grinder (D:4)
  4 hippogriffs
  9 yaks (Lair:1)
  6 water moccasins
  4 porcupines
  5 ice beasts
  A sky beast (D:11)
  2 black bears
  6 orc warriors
  2 phantoms
  10 ogres
  6 wolves
  5 centaurs
  A crocodile (D:10)
  9 bullfrogs
  A wyvern zombie (D:8)
  2 scorpions
  A water moccasin skeleton (D:5)
  12 killer bees
  An electric eel (D:7)
  4 crimson imps
  A quasit (D:9)
  2 jellies
  10 hounds
  2 centaur skeletons
  2 orc priests
  7 orc wizards
  5 bullfrog skeletons
  A gnoll shaman (D:10)
  4 iguanas
  5 worker ants
  2 worker ant zombies
  4 gnolls (D:10)
  9 adders
  2 shadow imps
  2 oozes
  2 adder zombies (D:7)
  4 adder skeletons
  3 worms
  3 dart slugs
  3 leopard geckos
  37 orcs
  3 bats
  8 giant cockroaches
  8 goblins
  9 hobgoblins
  18 jackals
  4 quokkas
  5 frilled lizards
  4 kobolds
  2 quokka skeletons
  11 rats
285 creatures vanquished.

Vanquished Creatures (others)
  An orc warrior (Bailey)
  2 centaurs
  An orc (D:10)
4 creatures vanquished.

Grand Total: 289 creatures vanquished

Notes
Turn   | Place    | Note
-------+----------+-------------------------------------------
     0 | D:1      | DasRunzen the Demigod Conjurer began the quest for the Orb.
     0 | D:1      | Reached XP level 1. HP: 14/14 MP: 5/5
   211 | D:1      | Reached XP level 2. HP: 16/22 MP: 1/7
   424 | D:1      | Found a shattered altar of Ashenzari,
   498 | D:1      | Reached skill level 1 in Fighting
  1010 | D:2      | Reached XP level 3. HP: 20/28 MP: 1/8
  1198 | D:2      | Found a basalt altar of Yredelemnul,
  2049 | D:3      | Reached XP level 4. HP: 29/35 MP: 0/10
  2604 | D:3      | Found a white marble altar of Elyvilon,
  2626 | D:3      | Reached XP level 5. HP: 26/41 MP: 0/12
  2636 | D:3      | Learned a level 2 spell: Searing Ray
  2956 | D:3      | Found a burning altar of Makhleb,
  3315 | D:4      | Noticed an ogre
  3320 | D:4      | Killed an ogre
  3489 | D:4      | Reached XP level 6. HP: 50/50 MP: 7/13
  3577 | D:4      | Noticed Grinder
  3667 | D:4      | Paralysed by Grinder for 7 turns
  3675 | D:4      | Killed Grinder
  3675 | D:4      | Reached skill level 5 in Conjurations
  3879 | D:4      | You fall into a shaft and drop 1 floor!
  3879 | D:5      | Entered Level 5 of the Dungeon
  3905 | D:5      | Found a hazy altar of Hepliaklqana,
  3908 | D:5      | Reached XP level 7. HP: 34/57 MP: 9/15
  4649 | D:4      | Found a stormy altar of Qazlal,
  5557 | D:6      | Reached XP level 8. HP: 67/67 MP: 10/18
  5674 | D:6      | Learned a level 3 spell: Dazzling Flash
  5699 | D:6      | Reached skill level 5 in Dodging
  6096 | D:6      | Reached skill level 5 in Fighting
  6246 | D:6      | Found a sparkling altar of Nemelex Xobeh,
  6246 | D:6      | Found a blossoming altar of Fedhas,
  6511 | D:7      | Noticed a hippogriff
  6522 | D:7      | Killed a hippogriff
  6522 | D:7      | Reached skill level 5 in Spellcasting
  6802 | D:7      | Found a staircase to the Ecumenical Temple,
  6808 | Temple   | Entered the Ecumenical Temple
  7078 | D:7      | Got a warped chain mail
  7313 | D:7      | Found a glowing golden altar of the Shining One,
  7490 | D:8      | Reached XP level 9. HP: 61/74 MP: 14/20
  8534 | D:9      | Noticed a two-headed ogre
  8535 | D:9      | Found a flagged portal,
  8557 | D:9      | Killed a two-headed ogre
  8774 | Bailey   | Entered a bailey
  8774 | Bailey   | Noticed an orc knight
  8914 | Bailey   | Noticed an orc knight
  9256 | Bailey   | Noticed an orc knight
  9849 | D:9      | Reached XP level 10. HP: 76/84 MP: 17/23
 10693 | D:9      | Found an ancient bone altar of Kikubaaqudgha,
 10875 | D:10     | Entered Level 10 of the Dungeon
 10954 | D:10     | Found a staircase to the Lair,
 11747 | D:10     | Noticed a two-headed ogre
 11756 | D:10     | Killed a two-headed ogre
 12182 | D:10     | Found Ukidosch's Jewellery Boutique,
 12542 | D:11     | Noticed a red ugly thing
 12550 | D:11     | Killed a red ugly thing
 12703 | D:11     | Noticed a green ugly thing
 12766 | D:11     | Killed a green ugly thing
 13101 | D:11     | Got a shadowed robe
 13112 | D:11     | Identified the cursed +0 robe of Wu Jian's Reproof {MR-
                  | Int+3 Slay+3} (You found it on level 11 of the Dungeon)
 13339 | D:11     | Noticed a red ugly thing
 13352 | D:11     | Killed a red ugly thing
 13843 | D:11     | Reached XP level 11. HP: 94/94 MP: 20/26
 13939 | Lair:1   | Entered Level 1 of the Lair of Beasts
 15293 | Lair:1   | Learned a level 4 spell: Iskenderun's Mystic Blast
 15618 | Lair:2   | Mangled by a komodo dragon

Levels and vault maps discovered:
D:1:      wander_arrival_fairy_ring, layout_loops_cross, ashenzari_altar_1
D:2:      layout_loops_corners, nicolae_overflow_crystal_walls, first_ration
D:3:      layout_loops_corners, lemuel_doored_altar, elyvilon_altar_3
D:4:      minmay_spotlight, layout_layer_cave, marbit_many_paths, uniq_grinder
D:5:      layout_basic, overflow_temple_1_default
D:6:      layout_loops_ring, gammafunk_temple_overflow_wave
D:7:      statuecave_lemuel, layout_basic, tso_oasis_becter,
          minmay_temple_entry_enclosed_plants, minmay_alternating_orb
D:8:      layout_basic
D:9:      layout_stronghold, kennysheep_little_box, enter_bailey_3
D:10:     layout_stronghold, erik_lair_island, serial_shops, shop
D:11:     layout_basic
Temple:   dshaligram_water_room_temple
Lair:1:   layout_small_grid, patterned_corridor
Lair:2:   layout_long_grid, dummy_snake_entry, lemuel_fruit_fields,
          grunt_megastairs_4

Skill      XL: |  1  2  3  4  5  6  7  8  9 10 11 |
---------------+----------------------------------+-----
Dodging        | 2 3 4 5 7 8 9 |  9.0
Spellcasting   | 2 3 4 5 6 7 8 |  8.3
Fighting       | 1 2 3 4 5 6 8 |  8.8
Conjurations   | 4 5 6 7 8 9 |  9.6
Stealth        | |  1.7

Action                   |  1- 3 |  4- 6 |  7- 9 | 10-12 || total
-------------------------+-------+-------+-------+-------++-------
Melee: Unarmed           |    18 |       |       |       ||    18
       Dagger            |    79 |    45 |   129 |    81 ||   334
 Cast: Magic Dart        |   105 |    81 |   209 |   206 ||   601
       Searing Ray       |       |     6 |    48 |    66 ||   120
       Dazzling Flash    |       |       |     8 |    11 ||    19
  Use: Scroll            |     7 |       |    12 |     4 ||    23
       Potion            |       |       |     1 |     1 ||     2
 Stab: Sleeping          |     4 |     3 |     1 |     1 ||     9
       Distracted        |     1 |       |       |       ||     1
  Eat: Chunk             |     4 |     6 |    16 |    12 ||    38
       Ration            |       |       |     1 |     1 ||     2
Armor: Robe              |    11 |    13 |    27 |    32 ||    83
Dodge: Dodged            |    78 |    45 |   157 |   189 ||   469
Block: Other             |       |       |    15 |    41 ||    56
       Reflection        |       |       |     2 |     4 ||     6

Table legend:
 A = Non-vault XP
 B = Vault XP
 C = Vault XP percentage of total XP
 D = Non-vault monster count
 E = Vault monster count
 F = Vault count percentage of total count
                 A         B        C        D         E       F
            +---------+---------+-------+---------+---------+-------
      Total |   16770 |    2562 |  13.3 |     257 |      32 |  11.1
            +---------+---------+-------+---------+---------+-------
        D:1 |      38 |       0 |   0.0 |      21 |       0 |   0.0
        D:2 |      63 |       0 |   0.0 |      30 |       0 |   0.0
        D:3 |     172 |       0 |   0.0 |      29 |       0 |   0.0
        D:4 |     441 |     313 |  41.5 |      19 |       3 |  13.6
        D:5 |     579 |       0 |   0.0 |      14 |       0 |   0.0
        D:6 |     859 |       0 |   0.0 |      16 |       0 |   0.0
        D:7 |     510 |     172 |  25.2 |      10 |       6 |  37.5
        D:8 |    1018 |       0 |   0.0 |      18 |       0 |   0.0
        D:9 |    2331 |       7 |   0.3 |      27 |       4 |  12.9
       D:10 |    1980 |     824 |  29.4 |      22 |       8 |  26.7
       D:11 |    3146 |       0 |   0.0 |      23 |       0 |   0.0
     Lair:1 |    4570 |       0 |   0.0 |      24 |       0 |   0.0
     Lair:2 |    1063 |     594 |  35.8 |       4 |       4 |  50.0
     Bailey |       0 |     652 | 100.0 |       0 |       7 | 100.0
            +---------+---------+-------+---------+---------+-------
